 Dungeon Crawl Stone Soup version 0.30.0-13-g156ef70053 (webtiles) character file.

Game seed: 18184750932398592590

480 Pimp the Shooter (level 7, -1/55 HPs)
             Began as a Barachi Hunter on May 17, 2023.
             Slain by a gnoll sergeant
             ... wielding a +6 spear of distortion
              (19 damage)
             ... on level 5 of the Dungeon.
             The game lasted 00:07:53 (3162 turns).

Pimp the Shooter (Barachi Hunter)                   Turns: 3162, Time: 00:07:54

Health: -1/55      AC:  4    Str: 12    XL:     7   Next: 12%
Magic:  7/7        EV: 13    Int: 10    God:
Gold:   1091       SH:  0    Dex: 17    Spells: 6/6 levels left

rFire   . . .        a - +0 shortbow (heavy)
rCold   . . .        (shield currently unavailable)
rNeg    . . .        c - +1 leather armour
rPois   .            (no helmet)
rElec   .            (no cloak)
rCorr   .            (no gloves)
SInv    .            (no boots)
Will    .....        (no amulet)
Stlth   ++           j - ring of wizardry
HPRegen 0.29/turn    (no ring)
MPRegen 0.10/turn

%: wizardry (x1)
@: slow
A: amphibious, slowness 1, strong legs 1, +LOS
a: Hop


You were on level 5 of the Dungeon.
You visited 1 branch of the dungeon, and saw 5 of its levels.

You collected 1091 gold pieces.

Inventory:

Hand Weapons
 a - a +0 heavy shortbow (weapon)
 d - a +3 dagger of venom
Armour
 c - a +1 leather armour (worn)
Jewellery
 j - a ring of wizardry (left hand)
Wands
 r - a wand of flame (28)
 y - a wand of quicksilver (9)
Scrolls
 b - 2 scrolls of immolation
 i - a scroll of fear
 k - a scroll of teleportation
 l - 2 scrolls of fog {unknown}
 o - a scroll of noise {unknown}
Potions
 e - a potion of curing
 f - a potion of heal wounds {unknown}
 g - a potion of degeneration {unknown}
 h - a potion of lignification {unknown}
 m - a potion of haste
 n - a potion of magic {unknown}
 s - a potion of mutation {unknown}
 w - a potion of ambrosia
 x - a potion of might


   Skills:
 + Level 4.8 Fighting
 + Level 5.4 Ranged Weapons
 + Level 4.4 Dodging
 + Level 3.5 Stealth


You had 6 spell levels left.
You didn't know any spells.
Your spell library contained the following spells:

 Spells                   Type           Power      Damage    Failure   Level
 Ensorcelled Hibernation  Hex/Ice        0%         N/A       28%         2
 Passwall                 Tmut/Erth      0%         N/A       28%         2
 Frozen Ramparts          Ice            0%         1d1       47%         3
 Spider Form              Tmut/Pois      0%         N/A       47%         3
 Swiftness                Air            0%         N/A       47%         3
 Anguish                  Hex/Necr       0%         N/A       86%         4
 Ice Form                 Ice/Tmut       0%         N/A       86%         4
 Summon Ice Beast         Ice/Summ       0%         N/A       86%         4


Dungeon Overview and Level Annotations

Branches:
Dungeon (5/15)
 Temple: D:4-7

Altars:
Kikubaaqudgha


Innate Abilities, Weirdness & Mutations

You are amphibious.
You cover ground slowly.
You can hop short distances.
You have an extended range of vision and can be seen from far away.


Message History

Your line of fire to the gnoll is blocked by a plant.
Your line of fire to the gnoll is blocked by a plant.
You shoot an arrow. The arrow hits the gnoll.
The gnoll shouts!
The gnoll is moderately wounded.
A gnoll comes into view. It is wielding a +0 flail.
A gnoll sergeant comes into view.
It is wielding a +6 spear of distortion.
You shoot an arrow. The arrow barely misses the gnoll.
The gnoll shouts!
A scorpion comes into view.
You shoot an arrow. The arrow hits the gnoll.
The gnoll is severely wounded.
The gnoll attacks as you move away! The gnoll barely misses you.
The scorpion attacks as you move away! The scorpion stings you.
The gnoll attacks as you move away! The gnoll hits you with a +0 club.
The gnoll hits you with a +0 club.
You see here a hound corpse.
The gnoll attacks as you move away! The gnoll hits you with a +0 club.
You shoot an arrow. The arrow hits the gnoll!
You kill the gnoll!
The scorpion stings you but does no damage.
You shoot an arrow. The arrow hits the scorpion!
The scorpion is heavily wounded.
The scorpion closely misses you. The gnoll sergeant barely misses you.
The scorpion stings you.
The gnoll sergeant hits you from afar with a +6 spear of distortion!
You blink.
You shoot an arrow. The arrow barely misses the scorpion.
You shoot an arrow.
The arrow hits the scorpion but does no damage.
The scorpion is moderately wounded.
The scorpion barely misses you. The scorpion closely misses you.
The gnoll sergeant barely misses you. The scorpion barely misses you.
You shoot an arrow. The arrow hits the scorpion!
You kill the scorpion!
The gnoll sergeant hits you but does no damage.
The gnoll sergeant hits you from afar with a +6 spear of distortion!
Space warps horribly around you!!
You die...

#.####..## #... #.# #..#
#... #)# ##.## ##... #.#
##..###.... ## ##.#
##.......... #.#
#..###...#.......
#..##gg.#...####.....
#...#†......# ##....
#..@.......# ###...#
#..........###....##
.................^.##
.............##^^......##
............##..........#
............#^..^^.......
.........................
........###..........^...
....#.># ##.....^.......


You could see a gnoll sergeant and a gnoll.

Vanquished Creatures
  An ogre (D:5)
  3 scorpions
  A howler monkey (D:5)
  A hound (D:5)
  10 gnolls
  4 adders
  An ufetubus (D:5)
  4 dart slugs
  An orc (D:3)
  3 bats (D:2)
  7 endoplasms
  5 giant cockroaches
  6 goblins
  7 hobgoblins
  6 kobolds
  4 quokkas
  7 ball pythons
  4 frilled lizards
  7 rats
82 creatures vanquished.

Notes
Turn   | Place    | Note
-------+----------+-------------------------------------------
     0 | D:1      | Pimp the Barachi Hunter began the quest for the Orb.
     0 | D:1      | Reached XP level 1. HP: 17/17 MP: 1/1
    44 | D:1      | Reached skill level 1 in Stealth
    85 | D:1      | Reached XP level 2. HP: 22/23 MP: 2/2
   414 | D:1      | Reached XP level 3. HP: 28/28 MP: 3/3
   513 | D:1      | Found a faded altar of an unknown god.
   802 | D:2      | Found an ancient bone altar of Kikubaaqudgha.
  1378 | D:3      | Reached XP level 4. HP: 34/35 MP: 4/4
  1679 | D:3      | You fall into a shaft and drop 2 floors!
  1679 | D:5      | Entered Level 5 of the Dungeon
  1716 | D:4      | Noticed a scorpion
  1723 | D:4      | Killed a scorpion
  1724 | D:4      | Reached XP level 5. HP: 33/42 MP: 5/5
  2289 | D:3      | Identified a scroll of acquirement
  2289 | D:3      | Acquired 879 gold pieces
  2929 | D:5      | Reached skill level 5 in Ranged Weapons
  2929 | D:5      | Reached XP level 6. HP: 48/48 MP: 6/6
  3042 | D:5      | Reached XP level 7. HP: 55/55 MP: 7/7
  3162 | D:5      | Slain by a gnoll sergeant

Illustrated notes

Levels and vault maps discovered:
D:1:      lemuel_arrival_muddy, layout_basic,
          hellmonk_ecumenical_altar_crossroads
D:2:      layout_rooms, basic_altar, minmay_misc_feat_alley,
          chequers_serial_rivers_small_3
D:3:      layout_loops_corners, chequers_serial_rivers_micro_b,
          chequers_serial_rivers_large_a, kennysheep_small_spiral
D:4:      layout_loops_ring
D:5:      layout_layer_cave, hangedman_decor_clover_reticule, minmay_holes,
          nicolae_grassy_gnolls, uniq_crazy_yiuf_cottage

Skill      XL: |  1  2  3  4  5  6 |
---------------+-------------------+-----
Stealth        | 1 2 3 |  3.5
Fighting       | 3 4 |  4.8
Dodging        | 3 4 |  4.4
Ranged Weapons | 5 |  5.4

Action                     |  1- 3 |  4- 6 |  7- 9 || total
---------------------------+-------+-------+-------++-------
   Fire: Shortbow          |    99 |   110 |    20 ||   229
Ability: Hop               |       |     1 |       ||     1
    Use: Scroll            |       |    11 |       ||    11
         Potion            |       |     3 |       ||     3
 Armour: Leather armour    |     8 |    15 |    10 ||    33
  Dodge: Dodged            |    17 |    42 |    32 ||    91
